cohdb
Replays
Latest Replays
All Replays
Popular Replays
Top Player Replays
Match Explorer
How It Works
Community
CoH3 Stats
Reddit
Sign in to upload your games and track your stats! →
Sign in with Steam
Match 43060866
Unlisted
Match 43060866
Overview
Messages
Build Orders
End
Kradschützen Motorcycle Team
250 Light Carrier
Selects Panzerjäger Kommand Battlegroup
Selects Mine Fields
Panzergrenadier Squad
Panzergrenadier Squad
Construct Light Support Kompanie
Selects Tank Busters
MG34 Team
Panzerjäger Mechanized Group
Fire Support Elements
Panzergrenadier Squad
Selects Defensive Positions
le.IG 18 Support Gun Team
Pak 38 Anti-tank Gun Team
Vehicle Survival Package
Selects Butterfly Bomb Drop
Construct Panzerarmee Kommand
Pak 38 Mechanized Group
Selects Crew Shock Tactics
Butterfly Bomb Drop
Panzer III L Medium Tank
Panzer III L Medium Tank
Panzergrenadier Squad
Panzer III L Medium Tank
Tungsten Core Ammunition
2.5-tonne Medical Truck
Selects Elefant Tank Destroyer
Moltke1871
不太彳亍
花海魔术师
小樱Young Dream
Pie-Eater
BitofaLiability
L320Y
Daveos
0
0
Comments
sign in to comment!
No comments posted yet!